 Dungeon Crawl Stone Soup version 0.30-a0-743-gbfdf073431 (webtiles) character file.

Game seed: 7007273458237153532

263 mistaj the Shield-Bearer (level 6, -10/33 HPs)
             Began as a Vine Stalker Fighter on Feb 6, 2023.
             Mangled by Menkaure (16 damage)
             ... on level 3 of the Dungeon.
             The game lasted 00:04:02 (2746 turns).

mistaj the Shield-Bearer (Vine Stalker Fighter)     Turns: 2746, Time: 00:04:03

Health: -10/33     AC:  7    Str: 21    XL:     6   Next: 19%
Magic:  0/7        EV:  9    Int:  8    God:
Gold:   131        SH:  5    Dex: 13    Spells: 5/5 levels left

rFire   . . .      SeeInvis .    h - +0 short sword (drain)
rCold   . . .      Faith    .    c - +0 buckler
rNeg    . . .      Spirit   +    b - +0 scale mail
rPois   .          Reflect  .    (no helmet)
rElec   .          Harm     .    o - +0 cloak
rCorr   .          Rampage  .    (no gloves)
Will    .....                    (no boots) Stlth
                                 (no amulet)
HPRegen 1.05/turn                (no ring)
MPRegen 0.10/turn                (no ring)

@: no status effects
A: fangs 2, regeneration 1, magic shield, antimagic bite, no potion heal 2
a: no special abilities


You were on level 3 of the Dungeon.
You visited 1 branch of the dungeon, and saw 4 of its levels.

You collected 131 gold pieces.

Inventory:

Hand Weapons
 h - a +0 short sword of draining (weapon)
 r - a +2 hand axe of flaming
Armour
 b - a +0 scale mail (worn)
 c - a +0 buckler (worn)
 o - a +0 cloak (worn)
Scrolls
 i - a scroll of amnesia {unknown}
 j - a scroll of fear {unknown}
 k - 2 scrolls of identify {unknown}
 m - 3 scrolls of teleportation {unknown}
 n - a scroll of poison {unknown}
 p - a scroll of noise {unknown}
 q - a scroll of enchant weapon {unknown}
Potions
 a - a potion of mutation {unknown}
 d - a potion of might
 e - a potion of attraction {unknown}
 f - a potion of ambrosia {unknown}
 g - a potion of resistance {unknown}
 l - 2 potions of curing {unknown}


   Skills:
 + Level 4.1 Fighting
 + Level 3.5 Short Blades
 - Level 2.4 Armour
 + Level 4.1 Shields


You had 5 spell levels left.
You didn't know any spells.
Your spell library was empty.

Dungeon Overview and Level Annotations

Branches:
Dungeon (4/15)
 Temple: D:4-7

Altars:
Yredelemnul

Shops:
D:3 (

Annotations:
D:3 Menkaure


Innate Abilities, Weirdness & Mutations

You have extremely sharp teeth.
Your natural rate of healing is unusually fast.
When hurt, damage is shared between your health and your magic reserves.
Your bite disrupts and absorbs the magic of your enemies.
Potions cannot restore your health.


Message History

There is a basalt altar of Yredelemnul here.
Done exploring.
Done exploring.
Done exploring.
There is a stone staircase leading down here.
You climb downwards.
Menkaure shouts!
The iguana hisses angrily.
The gnoll shouts! x3
Found an escape hatch in the ceiling.
Found a stone staircase leading up.
There is a stone staircase leading up here.
You climb upwards.
There is a stone staircase leading down here.
You barely miss Menkaure. You bite Menkaure.
Menkaure's magic leaks into the air.
You drain his magic.
Menkaure is lightly damaged.
You block Menkaure's attack.
You hit Menkaure but do no damage. You bite Menkaure.
Menkaure's magic leaks into the air.
You drain his magic.
Menkaure is lightly damaged.
Menkaure completely misses you.
You barely miss Menkaure. You bite Menkaure, but do no damage.
Menkaure is lightly damaged.
You hit Menkaure.
Menkaure is moderately damaged.
Menkaure hits you!!
You barely miss Menkaure.
Menkaure is moderately damaged.
Menkaure rustles, "Let me perform the rites..."
Menkaure hits you!
* * * LOW HITPOINT WARNING * * *
You are too injured to fight recklessly!
You are too injured to fight recklessly!
You are too injured to fight recklessly!
You are too injured to fight recklessly!
You hit Menkaure. You bite Menkaure.
Menkaure's magic leaks into the air.
You drain his magic.
You feel invigorated.
Menkaure is heavily damaged.
You barely miss Menkaure. Your bite misses Menkaure.
Menkaure is heavily damaged.
Menkaure hits you!!
You die...

###.###♣§§≈.§§§≈.♣....)..# ###.#
♣.≈.≈≈≈§§.♣.......# ....#
♣.≈.....≈.♣.......#
#######♣.÷≈≈≈≈§..♣...##+##
......).♣♣♣♣♣♣♣♣♣.......#
........'.....###.##.#..#
........#.......#.##....#########
#############....M...#.#.........
#...@...##.#.#......#
#...###.##.#........# #...#
#.....#........ #...#
#..#..#......## #####
#..#..##.......
####..#.......###.
#.....#.####......
#.###.#...##.##### #.....#......#


You could see Menkaure (magic disrupted).

Vanquished Creatures
  A centaur (D:3)
  An orc priest (D:3)
  Jessica (D:3)
  4 gnolls (D:3)
  An adder (D:2)
  A worm (D:2)
  5 orcs
  7 ball pythons
  4 endoplasms
  2 giant cockroaches (D:2)
  7 goblins
  7 hobgoblins
  6 jackals
  5 kobolds
  3 quokkas
  5 bats
  A frilled lizard (D:2)
  7 rats
68 creatures vanquished.

Notes
Turn   | Place    | Note
-------+----------+-------------------------------------------
     0 | D:1      | mistaj the Vine Stalker Fighter began the quest for the
                  | Orb.
     0 | D:1      | Reached XP level 1. HP: 11/11 MP: 2/2
   117 | D:1      | Reached XP level 2. HP: 16/16 MP: 3/3
   856 | D:2      | Reached XP level 3. HP: 20/20 MP: 4/4
   916 | D:2      | HP: 1/20 [worm (1)]
  1485 | D:3      | Noticed a centaur
  1489 | D:3      | HP: 1/20 [centaur/arrow (10)]
  1927 | D:3      | Killed a centaur
  1928 | D:3      | Gained mutation: Your natural rate of healing is unusually
                  | fast. [Vine Stalker growth]
  1928 | D:3      | Reached XP level 4. HP: 13/25 MP: 2/5
  1928 | D:3      | Reached XP level 5. HP: 15/29 MP: 2/6
  2324 | D:3      | Found a basalt altar of Yredelemnul.
  2347 | D:3      | Reached XP level 6. HP: 33/33 MP: 7/7
  2384 | D:3      | Noticed Jessica
  2389 | D:3      | Killed Jessica
  2499 | D:3      | Found Dilouk's Weapon Emporium.
  2737 | D:4      | Noticed Menkaure
  2746 | D:3      | Mangled by Menkaure

Illustrated notes

Levels and vault maps discovered:
D:1:      psy_arrival_fountain, layout_basic
D:2:      layout_rooms, chequers_serial_rivers_micro_a,
          chequers_serial_rivers_room_b
D:3:      wander_river, layout_basic, mainiacjoe_overflow_paths, serial_shops,
          nicolae_shop_bloodbath_and_beyond, kennysheep_jessica_study
D:4:      kennysheep_the_goblin_king, layout_rooms, amcnicky_altar_gilded,
          uniq_menkaure

Skill      XL: |  1  2  3  4  5 |
---------------+----------------+-----
Short Blades   | 2 3 |  3.5
Fighting       | 3 4 |  4.1
Shields        | 3 4 |  4.1
Armour         | |  2.4

Action                     |  1- 3 |  4- 6 || total
---------------------------+-------+-------++-------
  Melee: Rapier            |    40 |       ||    40
         Bite              |    26 |    24 ||    50
         Short sword       |    61 |    93 ||   154
 Armour: Scale mail        |    41 |    34 ||    75
  Dodge: Dodged            |    39 |    44 ||    83
  Block: Buckler           |    17 |    18 ||    35

Table legend: (Time is in decaauts)
 A = Elapsed time spent in this place.
 B = Non-inter-level travel time spent in this place.
 C = Inter-level travel time spent in this place.
 D = Time resting spent in this place.
 E = Time spent auto-exploring this place.
 F = Levels seen in this place.
 G = Mean time per level.
                   A        B        C        D        E       F      G
               +--------+--------+--------+--------+--------+-----+--------+
         Total |   2778 |   2743 |     35 |    638 |   1576 |   4 |  694.5 |
       Dungeon |   2778 |   2743 |     35 |    638 |   1576 |   4 |  694.5 |
               +--------+--------+--------+--------+--------+-----+--------+

Top non-repeatable levels by time:
     D:2: 1079 daAuts
     D:1: 857 daAuts
     D:3: 839 daAuts
     D:4: 1 daAuts
